 Dungeon Crawl Stone Soup version 0.17-a0-2118-g63bad21 (webtiles) character file.

63 fredomojojo the Insei (level 3, 0/28 HPs)
             Began as a Vampire Monk on Oct 20, 2015.
             Killed from afar by an orc wizard (9 damage)
             ... with a magic dart
             ... on level 3 of the Dungeon.
             The game lasted 00:25:06 (1279 turns).

fredomojojo the Insei (Vampire Monk)                Turns: 1279, Time: 00:25:07

Health: 0/28       AC:  0    Str:  5    XL:     3   Next: 89%
Magic:  3/3        EV: 23    Int: 12    God:    Xom [..*...]
Gold:   123        SH:  0    Dex: 22    Spells: 0 memorised, 2 levels left

rFire  . . .     SeeInvis +       - Unarmed
rCold  + . .     Clarity  .     (armour currently unavailable)
rNeg   + + .     SustAt   .     (shield currently unavailable)
rPois  +         Gourm    .     (helmet currently unavailable)
rElec  .         Spirit   .     (cloak currently unavailable)
rCorr  .         Warding  .     (gloves currently unavailable)
rMut   .         Stasis   .     (boots currently unavailable)
MR     .....                    (no amulet)
Stlth  +++.......               (ring currently unavailable)
                                (ring currently unavailable)

@: bat-form, flying, very slightly contaminated, regenerating slowly, invisible,
very quick, not resistant to hostile enchantments, fairly stealthy
A: (fangs 0), see invisible, (unbreathing)
a: End Transformation, Renounce Religion


You were on level 3 of the Dungeon.
You worshipped Xom.
You were a toy of Xom.
You were thirsty.
You were in vampire-bat-form.
You visited 1 branch of the dungeon, and saw 3 of its levels.

You collected 123 gold pieces.

Inventory:

Missiles
 f - 39 bolts
 g - 51 stones (quivered)
 l - 19 arrows
Armour
 a - a +0 robe (melded)
Scrolls
 c - a scroll of teleportation {unknown}
 i - a scroll of identify {unknown}
 j - a scroll of noise {unknown}
 k - a scroll of immolation {unknown}
Potions
 b - a potion of blood


   Skills:
 + Level 2.9 Fighting
 * Level 4.0 Dodging
 + Level 3.4 Stealth
 * Level 5.2 Unarmed Combat


You had 2 spell levels left.
You didn't know any spells.

Dungeon Overview and Level Annotations

Branches:
Dungeon (3/15)

Altars:
Nemelex Xobeh
Xom


Innate Abilities, Weirdness & Mutations

You heal slowly.
((You have razor-sharp teeth.))
You have supernaturally acute eyesight.
((You can survive without breathing.))


Message History

You hit the orc.
You kill the orc!
The orc wizard completely misses you.
You see here a tomahawk.
You strike the helpless orc wizard from behind!
You hit the orc wizard but do no damage.
The orc wizard is severely wounded.
You catch the helpless orc wizard completely off-guard!
You draw the orc wizard's blood!
You feel better.
You feel slightly less thirsty.
You hit the orc wizard.
The orc wizard is almost dead.
The orc wizard casts a spell.
The orc wizard blinks!
The orc wizard points at you and mumbles some strange words.
The magic dart hits you!
You closely miss the orc wizard.
The orc wizard is severely wounded.
The orc wizard points at you and mumbles some strange words.
The magic dart hits you!
You die...

###.....
......#..........
.# .....
.%......#).......
.# ....
......#.#.######.
.##....
.##.......# ...
..# #####(### .#
#.# #..#
.####.####.###.#.#
.#>..<........##.#
.#.##.####.### #b#
...##.#
#......o.......
......#
#######.###.#.#
####### #.# #.#
#.# #.# #..


You could see an orc wizard.

Vanquished Creatures
  An adder (D:3)
  An ooze (D:2)
  2 giant geckos
  5 orcs (D:3)
  A ball python (D:2)
  A giant cockroach (D:2)
  2 goblins
  8 hobgoblins
  8 kobolds
  4 bats
  2 giant newts
  5 rats
40 creatures vanquished.

Notes
Turn   | Place    | Note
--------------------------------------------------------------
     0 | D:1      | fredomojojo the Vampire Monk began the quest for the Orb.
     0 | D:1      | Reached XP level 1. HP: 17/17 MP: 1/1
   164 | D:1      | Reached XP level 2. HP: 20/23 MP: 2/2
   589 | D:2      | Reached skill level 5 in Unarmed Combat
   631 | D:2      | Reached XP level 3. HP: 26/28 MP: 3/3
   729 | D:1      | Found a sparkling altar of Nemelex Xobeh.
   905 | D:2      | Found a shimmering altar of Xom.
   924 | D:2      | Became a worshipper of Xom of Chaos
   924 | D:2      | XOM: divination: detect items
  1014 | D:2      | XOM: potion effect (might)
  1026 | D:2      | XOM: divination: detect creatures
  1193 | D:3      | XOM: harmless Pois miscast
  1252 | D:3      | XOM: potion effect (invisibility)
  1279 | D:3      | Killed from afar by an orc wizard

Vault maps used:
D:1:      minmay_arrival_open_corners, kennysheep_minor_cross,
          nemelex_diamond_rough_becter
D:2:      lemuel_doored_altar, first_bread, st_stairs_2, serial_bayou_pond_d,
          minmay_misc_feat_room, supply_closet_lemuel
D:3:      cheibriados_altar_wand_db

Action                   || total
-------------------------++-------
Melee: Unarmed           ||   156
       Trident           ||     1
 Abil: Bat Form          ||     1
  Use: Scroll            ||     2
 Stab: Sleeping          ||     7
       Invisible         ||     7
